 Dungeon Crawl Stone Soup version 0.24.1-5-g77f818bfca (webtiles) character file.

Game seed: 7878479486007688097, levelgen mode: deterministic

240 Peloso the Shield-Bearer (level 5, -4/45 HPs)
             Began as a Demigod Fighter on Apr 24, 2020.
             Blown up by Ijyb (6 damage)
             ... with a disintegration bolt
             ... on level 4 of the Dungeon.
             The game lasted 00:05:46 (2460 turns).

Peloso the Shield-Bearer (Demigod Fighter)          Turns: 2460, Time: 00:05:47

Health: -4/45      AC: 11    Str: 24    XL:     5   Next: 50%
Magic:  0/7        EV:  4    Int: 12    God:
Gold:   231        SH: 10    Dex: 17    Spells: 4/4 levels left

rFire    . . .     SeeInvis .   a - +0 long sword
rCold    . . .     Gourm    .   c - +0 shield
rNeg     . . .     Faith    .   i - +0 plate armour
rPois    +         Spirit   +   (no helmet)
rElec    .         Reflect  .   (no cloak)
rCorr    .         Harm     .   (no gloves)
MR       .....                  (no boots)
Stlth    ..........             s - amulet of guardian spirit
HPRegen  0.15/turn              o - ring of poison resistance
MPRegen  0.10/turn              t - +3 ring of slaying

@: mighty
A: high mp 1
a: no special abilities


You were on level 4 of the Dungeon.
You were not hungry.

You visited 1 branch of the dungeon, and saw 4 of its levels.

You collected 231 gold pieces.

Inventory:

Hand Weapons
 a - a +0 long sword (weapon)
 b - a -3 dagger
Armour
 c - a +0 shield (worn)
 i - a +0 plate armour (worn)
Jewellery
 o - a ring of poison resistance (left hand)
 p - an uncursed amulet of faith
 s - an amulet of guardian spirit (around neck)
 t - a +3 ring of slaying (right hand)
Scrolls
 g - 3 scrolls of remove curse
 h - 3 scrolls of blinking {unknown}
 j - 4 scrolls of teleportation
 k - a scroll of magic mapping {unknown}
 l - 2 scrolls of identify
 m - a scroll of fog {unknown}
 n - a scroll of enchant armour {unknown}
Potions
 e - a potion of invisibility
 u - a potion of mutation
Comestibles
 f - 7 rations
 r - a chunk of flesh


   Skills:
 + Level 3.1 Fighting
 + Level 3.3 Long Blades
 + Level 3.5 Armour
 + Level 0.2 Dodging
 + Level 4.2 Shields


You had 4 spell levels left.
You didn't know any spells.
Your spell library was empty.

Dungeon Overview and Level Annotations

Branches:
Dungeon (4/15)             Temple (0/1) D:4

Annotations:
D:4 Ijyb


Innate Abilities, Weirdness & Mutations

You have an increased reservoir of magic. (+10% MP)


Message History

You feel better. Ijyb hits you but does no damage.
You feel very mighty all of a sudden.
Ijyb zaps a wand.
You struggle to resist.
You completely miss Ijyb. Ijyb hits you but does no damage.
You hit Ijyb.
Ijyb is lightly wounded.
Ijyb barely misses you. Ijyb hits you but does no damage.
You slash Ijyb!
Ijyb is heavily wounded.
Ijyb zaps a wand.
You are blasted!
* * * LOW HITPOINT WARNING * * *
You closely miss Ijyb.
Ijyb is heavily wounded.
You block Ijyb's attack.
Your shield and plate armour prevent you from hitting Ijyb.
Ijyb is heavily wounded.
Ijyb completely misses you.
You riposte.
You closely miss Ijyb.
Ijyb is heavily wounded.
Ijyb zaps a wand.
You are blasted!
You die...

..## ..# #.#
#.###.####
#........#
#####.##>#
..######֠##.#
..........##?#
...........#@#
...####...##g#
. ##.###.# ###
#.# ..# ###


You could see Ijyb.

Vanquished Creatures
  A centaur (D:4)
  A worker ant (D:4)
  4 adders
  A shadow imp (D:4)
  3 worms
  2 dart slugs (D:1)
  3 leopard geckos
  An orc (D:3)
  6 giant cockroaches
  9 hobgoblins
  14 jackals
  A quokka (D:2)
  A ball python (D:2)
  12 bats
  2 frilled lizards (D:1)
  3 goblins
  A jackal skeleton (D:4)
  9 kobolds
  4 rats
78 creatures vanquished.

Notes
Turn   | Place    | Note
-------+----------+-------------------------------------------
     0 | D:1      | Peloso the Demigod Fighter began the quest for the Orb.
     0 | D:1      | Reached XP level 1. HP: 18/18 MP: 3/3
   128 | D:1      | Reached skill level 3 in Shields
   156 | D:1      | Reached XP level 2. HP: 23/25 MP: 4/4
   780 | D:1      | Reached XP level 3. HP: 30/30 MP: 5/5
  1354 | D:2      | Reached XP level 4. HP: 35/38 MP: 6/6
  1692 | D:3      | Reached skill level 4 in Shields
  1804 | D:3      | Noticed a water elemental
  1809 | D:3      | Found a stormy altar of Qazlal.
  1812 | D:3      | Noticed a fire elemental
  1813 | D:3      | Noticed an earth elemental
  1813 | D:3      | Noticed an air elemental
  2220 | D:4      | Noticed a centaur
  2227 | D:4      | Killed a centaur
  2227 | D:4      | Reached XP level 5. HP: 38/45 MP: 7/7
  2294 | D:4      | Found a staircase to the Ecumenical Temple.
  2445 | D:4      | Noticed Ijyb
  2451 | D:4      | HP: 2/45 [Ijyb/+0 dagger (1)]
  2458 | D:4      | HP: 1/45 [disintegration (8)]
  2460 | D:4      | Blown up by Ijyb

Levels and vault maps discovered:
D:1:      dpeg_arrival_stonehenge_12_columns, layout_loops_corners
D:2:      layout_rooms
D:3:      layout_loops_ring, nicolae_qazlal_style_of_elements
D:4:      layout_loops_corners, minmay_temple_entry_purple_smoke, first_ration,
          uniq_ijyb

Skill      XL: |  1  2  3  4 |
---------------+-------------+-----
Shields        | 3 4 |  4.2
Long Blades    | 2 3 |  3.3
Fighting       | 3 |  3.1
Armour         | 3 |  3.5
Dodging        | |  0.2

Action                   |  1- 3 |  4- 6 || total
-------------------------+-------+-------++-------
Melee: Long sword        |   170 |   149 ||   319
  Use: Potion            |       |     5 ||     5
       Scroll            |       |     4 ||     4
  Eat: Chunk             |     1 |     5 ||     6
Armor: Plate armour      |   161 |   164 ||   325
       Scale mail        |     4 |       ||     4
Dodge: Dodged            |    54 |    24 ||    78
Block: Shield            |   147 |   137 ||   284
       Rpst.: Long sword |    14 |    10 ||    24
